 Dungeon Crawl Stone Soup version 0.27-a0-380-g150de4c316 (webtiles) character file.

Game seed: 15431309109408172107

4911 Iflex the Spear-Bearer (level 10, -2/79 HPs)
             Began as a Merfolk Gladiator on Sept 25, 2020.
             Was a Follower of Qazlal.
             Slain by a death yak (6 damage)
             ... on level 8 of the Dungeon on Feb 17, 2021.
             The game lasted 00:36:49 (10757 turns).

Iflex the Spear-Bearer (Merfolk Gladiator)         Turns: 10757, Time: 00:36:50

Health: -2/79      AC:  8    Str: 14 (17) XL:     10   Next: 51%
Magic:  10/10      EV: 22    Int:  6 (7)  God:    Qazlal [*.....]
Gold:   412        SH:  2    Dex: 28 (29) Spells: 9/9 levels left

rFire    . . .     SeeInvis .   a - +1 trident
rCold    . . .     Faith    .   (no shield)
rNeg     . . .     Spirit   .   C - +3 leather armour
rPois    .         Reflect  .   c - +0 helmet
rElec    .         Harm     .   v - +0 cloak
rCorr    .         Rampage  .   (no gloves)
Will     .....                  (no boots)
Stlth    +++.......             (no amulet)
HPRegen  0.23/turn              i - +6 ring of dexterity
MPRegen  0.12/turn              s - +6 ring of dexterity

@: no status effects
A: change form in water, swift swim, stealthy swim
a: Renounce Religion


You were on level 8 of the Dungeon.
You worshipped Qazlal.
Qazlal was aware of your devotion.
You visited 2 branches of the dungeon, and saw 9 of its levels.

You collected 462 gold pieces.
You spent 50 gold pieces at shops.

Inventory:

Hand Weapons
 a - a +1 trident (weapon)
Missiles
 d - 2 throwing nets
 t - 4 boomerangs (quivered)
Armour
 b - a +0 leather armour
 c - a +0 helmet (worn)
 m - a +0 kite shield
 v - a +0 cloak (worn)
 C - a +3 leather armour (worn)
Jewellery
 i - a +6 ring of dexterity (left hand)
 s - a +6 ring of dexterity (right hand)
Wands
 e - a wand of random effects (14)
 f - a wand of paralysis (11)
 q - a wand of mindburst (16)
 w - a wand of iceblast (6)
 A - a wand of polymorph (14)
Scrolls
 h - 7 scrolls of magic mapping
 n - a scroll of brand weapon {unknown}
 o - 3 scrolls of teleportation
 p - 3 scrolls of removedness
 r - a scroll of amnesia
 u - a scroll of enchant weapon
 y - a scroll of fear
 z - 2 scrolls of enchant armour {unknown}
 D - a scroll of torment {unknown}
Potions
 g - 2 potions of flight
 j - 2 potions of mutation
 k - 3 potions of ambrosia {unknown}
 l - 2 potions of curing
 x - 2 potions of lignification
 B - a potion of might


   Skills:
 + Level 7.1 Fighting
 + Level 14.6 Polearms
 * Level 4.9 Throwing
 - Level 1.2 Armour
 * Level 8.6 Dodging
 - Level 4.1 Stealth
 * Level 2.5 Shields
 - Level 1.5 Unarmed Combat


You had 9 spell levels left.
You didn't know any spells.
Your spell library was empty.

Dungeon Overview and Level Annotations

Branches:
Dungeon (8/15)             Temple (1/1) D:6            Lair (0/6) D:8

Altars:
Ashenzari
Cheibriados
Dithmenos
Elyvilon
Fedhas
Gozag
Hepliaklqana
Kikubaaqudgha
Makhleb
Nemelex Xobeh
Okawaru
Qazlal
Ru
Sif Muna
Uskayaw
Vehumet
Wu Jian
Xom
Yredelemnul
Zin
The Shining One

Shops:
D:4 =!!*   D:8 *

Annotations:
D:6 help
D:8 inc's ghost, novice FeMo


Message History

The death yak closely misses you.
You see here a whip.
The death yak is engulfed in freezing vapours.
You can no longer call upon nature to destroy your foes.
The death yak barely misses you.
There is a stone staircase leading up here.
The death yak is struck by lightning.
The death yak is struck by lightning.
The death yak barely misses you. The death yak gores you!!
You are too injured to fight recklessly!
You puncture the death yak!
The death yak is severely wounded.
You completely miss the death yak.
The death yak is severely wounded.
The death yak gores you!!
* * * LOW HITPOINT WARNING * * *
Reach: a) +1 trident
Press: ? - help, Dir - move target, f - death yak
Aim: a death yak (severely wounded, about 15% to evade your +1 trident)
You reach to attack!
You barely miss the death yak.
The death yak is severely wounded.
You hit the death yak but do no damage.
The death yak is severely wounded.
You feel better.
The death yak gores you but does no damage.
You hit the death yak.
The death yak is severely wounded.
The death yak completely misses you.
You hit the death yak.
The death yak is severely wounded.
You hit the death yak.
The death yak is almost dead.
The death yak gores you!
* * * LOW HITPOINT WARNING * * *
You hit the death yak but do no damage.
The death yak is almost dead.
You hit the death yak.
The death yak is almost dead.
The death yak gores you.
You die...

######..........#...####.##..
###/..............#....<.......
........#.........#............
..................#............
......##.>.#..........##.######
................#############..
................# #.....
##...........#Y.# #.....
#............@.# #.....
#......######### #..... ######
#..... #..... ####.. #'# #..
#.. #..


You could see a death yak.

Vanquished Creatures
  Harold (D:7)
  Pikel (D:5)
  A hornet (D:8)
  Sigmund (D:5)
  A yak (D:8)
  A human (D:8)
  3 hogs
  Edmund (D:6)
  2 orc warriors
  2 sky beasts
  3 phantoms
  3 ice beasts
  3 ogres
  A centaur (D:7)
  A lemure (D:5)
  A kobold brigand (D:7)
  A bullfrog (D:6)
  12 killer bees
  4 hounds
  2 orc priests
  A centaur skeleton (D:7)
  An iguana (D:7)
  8 orc wizards
  3 worker ants
  A howler monkey zombie (D:8)
  6 adders
  2 shadow imps
  An ooze (D:1)
  2 adder skeletons
  2 worms
  A dart slug (D:1)
  A leopard gecko (D:1)
  39 orcs
  A ball python (D:3)
  6 giant cockroaches
  7 goblins
  6 hobgoblins
  13 jackals
  4 quokkas
  5 frilled lizards
  11 kobolds
  A leopard gecko zombie (D:6)
  7 rats
174 creatures vanquished.

Notes
Turn   | Place    | Note
-------+----------+-------------------------------------------
     0 | D:1      | Iflex the Merfolk Gladiator began the quest for the Orb.
     0 | D:1      | Reached XP level 1. HP: 16/16 MP: 1/1
   201 | D:1      | Reached XP level 2. HP: 23/23 MP: 2/2
   757 | D:1      | Reached XP level 3. HP: 28/29 MP: 3/3
  1182 | D:2      | Reached skill level 5 in Polearms
  1194 | D:2      | Found a faded altar of an unknown god.
  1289 | D:2      | Reached skill level 1 in Armour
  1407 | D:2      | Reached XP level 4. HP: 19/35 MP: 4/4
  1700 | D:3      | Reached skill level 1 in Stealth
  1911 | D:3      | Reached skill level 6 in Polearms
  1911 | D:3      | Reached XP level 5. HP: 42/42 MP: 5/5
  2727 | D:4      | Found Plog's Distillery.
  2775 | D:4      | Found Peohul's Jewellery Boutique.
  2832 | D:4      | Noticed a phantom
  2837 | D:4      | Noticed an ogre
  3320 | D:4      | Reached XP level 6. HP: 22/49 MP: 6/6
  3591 | D:4      | Killed a phantom
  3591 | D:4      | Reached skill level 7 in Polearms
  3851 | D:4      | Found Ogryn's Assorted Antiques.
  3856 | D:4      | Bought a scroll of identify for 50 gold pieces
  4016 | D:4      | Found Kangus's Distillery.
  4223 | D:5      | Entered Level 5 of the Dungeon
  4262 | D:5      | Reached skill level 8 in Polearms
  4262 | D:5      | Reached XP level 7. HP: 38/55 MP: 7/7
  4440 | D:5      | Noticed Pikel
  4476 | D:5      | Killed Pikel
  4476 | D:5      | Reached skill level 5 in Fighting
  4476 | D:5      | Reached skill level 10 in Polearms
  4476 | D:5      | Reached skill level 5 in Dodging
  4476 | D:5      | Reached XP level 8. HP: 49/62 MP: 8/8
  4477 | D:5      | Upgraded the game from 0.26-a0-639-g72c4674329 to
                  | 0.27-a0-380-g150de4c316
  4652 | D:5      | Noticed Sigmund
  4671 | D:5      | Killed Sigmund
  5479 | D:6      | Found a staircase to the Ecumenical Temple.
  5479 | D:6      | Noticed Edmund
  5489 | D:6      | Killed Edmund
  5490 | D:6      | Reached skill level 11 in Polearms
  6202 | Temple   | Entered the Ecumenical Temple
  6519 | Temple   | Became a worshipper of Qazlal Stormbringer
  6792 | D:7      | Noticed Harold
  6819 | D:7      | Reached XP level 9. HP: 37/69 MP: 9/9
  6829 | D:7      | Killed Harold
  6830 | D:7      | Reached skill level 13 in Polearms
  6830 | D:7      | Reached skill level 1 in Unarmed Combat
  7263 | D:7      | Reached * piety under Qazlal
  8285 | D:7      | Reached skill level 14 in Polearms
  8794 | D:8      | Reached XP level 10. HP: 77/77 MP: 10/10
  8803 | D:8      | Reached skill level 1 in Shields
  8996 | D:8      | Found Xuofel's Lightly-Used Armoury.
  9264 | D:8      | Found a transporter.
  9281 | D:8      | Found a transporter.
  9284 | D:8      | Noticed inc's ghost (novice FeMo)
  9679 | D:8      | Reached ** piety under Qazlal
 10624 | D:8      | Found a staircase to the Lair.
 10624 | D:8      | Noticed a death yak
 10624 | D:8      | Noticed a death yak
 10624 | D:8      | Noticed a death yak
 10624 | D:8      | Noticed a death yak
 10629 | D:8      | Noticed a death yak
 10629 | D:8      | Noticed a death yak
 10757 | D:8      | Slain by a death yak

Illustrated notes

Levels and vault maps discovered:
D:1:      minmay_arrival_semitransparent, layout_loops_ring, roderic_lattice_a,
          minmay_misc_feat_enclosed
D:2:      layout_rooms, chequers_ecumenical_altar_island
D:3:      layout_loops_cross
D:4:      layout_gridville, serial_shops, shop, shop, shop, shop,
          kennysheep_potato
D:5:      layout_cave_pods, uniq_pikel, uniq_sigmund
D:6:      layout_basic, minmay_temple_entry_steel_oval, serial_glass,
          glass_columns_a, glass_columns_c, glass_columns_b, glass_columns_a,
          glass_columns_a, glass_columns_a, minmay_strange_pillars,
          minmay_strange_pillars, uniq_edmund
D:7:      layout_gridville, uniq_harold
D:8:      layout_gridville, dpeg_lair_monsters, gammafunk_ghost_hive,
          palyth_stone_intersect, minmay_shop_damaged,
          hangedman_abyss_or_decor_stagger, grunt_livestock
Temple:   roderic_octagonal_lattice_temple

Skill      XL: |  1  2  3  4  5  6  7  8  9 10 |
---------------+-------------------------------+-----
Fighting       | 3 4 5 6 7 |  7.1
Polearms       | 5 6 8 10 11 14 | 14.6
Armour         | 1 |  1.2
Stealth        | 1 2 3 4 |  4.1
Dodging        | 5 6 7 8 |  8.6
Throwing       | 3 4 |  4.9
Unarmed Combat | 1 |  1.5
Shields        | 2 |  2.5

Action                   |  1- 3 |  4- 6 |  7- 9 | 10-12 || total
-------------------------+-------+-------+-------+-------++-------
Melee: Trident           |   135 |   196 |   289 |   133 ||   753
       Tailslap          |       |     4 |       |       ||     4
       Unarmed           |       |       |    11 |       ||    11
       Punch             |       |       |     2 |     2 ||     4
Throw: Throwing net      |       |     6 |     2 |       ||     8
       Boomerang         |       |       |    16 |     5 ||    21
  Use: Scroll            |     3 |     5 |    10 |     2 ||    20
       Potion            |       |       |     8 |     4 ||    12
 Stab: Sleeping          |     3 |     7 |     5 |       ||    15
       Distracted        |       |     1 |       |       ||     1
       Confused          |       |       |     1 |       ||     1
Armor: Leather armour    |    24 |    26 |    25 |    20 ||    95
Dodge: Dodged            |    63 |   110 |   167 |   128 ||   468
Block: Other             |       |       |     5 |    13 ||    18

Table legend: (Time is in decaauts)
 A = Elapsed time spent in this place.
 B = Non-inter-level travel time spent in this place.
 C = Inter-level travel time spent in this place.
 D = Time resting spent in this place.
 E = Time spent auto-exploring this place.
 F = Levels seen in this place.
 G = Mean time per level.
                   A        B        C        D        E       F      G
               +--------+--------+--------+--------+--------+-----+--------+
         Total |  10568 |  10350 |    218 |   2103 |   5864 |   9 | 1174.2 |
       Dungeon |  10231 |  10032 |    199 |   2103 |   5589 |   8 | 1278.9 |
        Temple |    336 |    317 |     19 |      0 |    275 |   1 |  336.0 |
               +--------+--------+--------+--------+--------+-----+--------+

Top non-repeatable levels by time:
     D:7: 2219 daAuts
     D:8: 1828 daAuts
     D:4: 1708 daAuts
     D:5: 1112 daAuts
     D:1: 1091 daAuts
     D:3: 878 daAuts
     D:6: 858 daAuts
     D:2: 534 daAuts
  Temple: 336 daAuts
